 Dungeon Crawl Stone Soup version 0.26-a0-812-g31a745ddcd (webtiles) character file.

Game seed: 8443116129702581123

16843 Morbidden the Destroyer (level 12, -8/91 HPs)
             Began as a Demonspawn Conjurer on Nov 13, 2020.
             Was the Champion of Cheibriados.
             Mangled by a skeletal warrior
             ... wielding a +0 glaive
              (16 damage)
             ... on level 12 of the Dungeon.
             The game lasted 00:24:21 (14306 turns).

Morbidden the Destroyer (Demonspawn Conjurer)      Turns: 14306, Time: 00:24:21

Health: -8/91      AC: 18    Str: 25    XL:     12   Next: 13%
Magic:  0/34       EV:  9    Int: 41    God:    Cheibriados [******]
Gold:   1835       SH: 18    Dex: 27    Spells: 23/30 levels left

rFire    . . .     SeeInvis .   a - +9 staff of Olgreb {rPois∞}
rCold    . . .     Faith    .   J - +2 kite shield
rNeg     . . .     Spirit   +   i - +1 storm dragon scales
rPois    ∞         Reflect  +   (no helmet)
rElec    +         Harm     .   O - +1 cloak
rCorr    .         Rampage  .   (no gloves)
MR       .....                  (boots unavailable)
Stlth    ..........             G - amulet of reflection
HPRegen  0.25/turn              H - ring of wizardry
MPRegen  0.48/turn              M - ring of Contentment {MP+9 Int+4}

@: very slow
A: hooves 3, molten scales 2, spiny 2, magic shield, magic regeneration
a: Bend Time, Temporal Distortion, Slouch, Step From Time, Renounce Religion


You were on level 12 of the Dungeon.
You worshipped Cheibriados.
Cheibriados was exalted by your worship.
You visited 2 branches of the dungeon, and saw 13 of its levels.

You collected 2015 gold pieces.
You spent 180 gold pieces at shops.

Inventory:

Hand Weapons
 a - the +9 staff of Olgreb (weapon) {rPois∞}
   (You found it on level 8 of the Dungeon)

   It grants immunity to poison.
Armour
 i - +1 storm dragon scales (worn)
 J - a +2 kite shield (worn)
 N - a +2 scale mail of fire resistance
 O - a +1 cloak (worn)
Jewellery
 o - an uncursed ring of flight
 p - an uncursed ring of resist corrosion
 B - an uncursed ring of protection from magic
 G - an amulet of reflection (around neck)
 H - a ring of wizardry (left hand)
 M - the ring of Contentment (right hand) {MP+9 Int+4}
   (You found it on level 11 of the Dungeon)

   [ring of magical power]

   It affects your intelligence (+4).
   It affects your magic capacity (+9).
Wands
 s - a wand of paralysis (7)
 u - a wand of digging (10)
 v - a wand of acid (3)
 x - a wand of flame (45)
 y - a wand of iceblast (21)
 A - a wand of disintegration (28)
 E - a wand of polymorph (6)
Scrolls
 c - 2 scrolls of teleportation
 h - 8 scrolls of enchant armour
 j - 4 scrolls of enchant weapon
 k - 7 scrolls of remove curse
 r - 4 scrolls of immolation
 t - a scroll of random uselessness {unknown}
 w - 5 scrolls of identify
 z - 2 scrolls of magic mapping {unknown}
 C - 4 scrolls of fog {unknown}
 D - a scroll of holy word {unknown}
 F - 2 scrolls of vulnerability {unknown}
Potions
 b - a potion of lignification {unknown}
 d - a potion of brilliance {unknown}
 e - 2 potions of magic {unknown}
 f - 3 potions of resistance {unknown}
 g - 2 potions of attraction {unknown}
 l - 5 potions of curing
 m - 2 potions of degeneration {unknown}
 n - 5 potions of flight
 q - 3 potions of might
 I - a potion of invisibility {unknown}
 K - a potion of heal wounds
 L - a potion of haste {unknown}


   Skills:
 * Level 7.4 Fighting
   Level 0.1 Short Blades
 + Level 3.6 Staves
 + Level 5.4 Armour
 + Level 3.3 Dodging
 + Level 3.2 Stealth
 * Level 2.9 Shields
 * Level 9.5 Spellcasting
 * Level 10.1 Conjurations
 + Level 3.5 Translocations
 * Level 7.8 Invocations
 * Level 4.3 Evocations


You had 23 spell levels left.
You knew the following spells:

 Your Spells              Type           Power        Failure   Level
a - Magic Dart            Conj           ####         1%          1
b - Searing Ray           Conj           ######       1%          2
c - Iskenderun's Mystic   Conj/Tloc      ######..     12%         4

Your spell library contained the following spells:

 Spells                   Type           Power        Failure   Level
 Dazzling Flash           Conj/Hex       ######       8%          3
 Corona                   Hex            ###....      21%         1
 Fulminant Prism          Conj/Hex       ######....   26%         4
 Ensorcelled Hibernation  Hex/Ice        ###...       30%         2
 Confusing Touch          Hex            ###.....     50%         3
 Tukima's Dance           Hex            ###.....     50%         3
 Ice Form                 Ice/Tmut       ###.....     87%         4
 Metabolic Englaciation   Hex/Ice        ###.......   99%         5
 Freezing Cloud           Conj/Ice/Air   #####.....   99%         6
 Ozocubu's Refrigeration  Ice            ###.......   100%        6
 Simulacrum               Ice/Necr       ###.......   100%        6


Dungeon Overview and Level Annotations

Branches:
Dungeon (12/15)            Temple (1/1) D:4            Lair (0/6) D:8
    Orc (0/2) D:10

Altars:
Ashenzari
Cheibriados
Dithmenos
Elyvilon
Fedhas
Gozag
Hepliaklqana
Kikubaaqudgha
Makhleb
Nemelex Xobeh
Ru
Sif Muna
Trog
Uskayaw
Wu Jian
Xom
Zin
The Shining One
Beogh

Shops:
D:7 !

Annotations:
D:8 2 transporters, 1 runed translucent door, Gargoyl's ghost, novice GnAK


Innate Abilities, Weirdness & Mutations

You have hooves in place of feet.
You are mostly covered in molten scales. (AC +3)
You are mostly covered in sharp spines.
When hurt, damage is shared between your health and your magic reserves.
You regenerate magic rapidly.


Message History

The skeletal warrior barely misses you.
The skeletal warrior is struck by your spines.
The skeletal warrior hits you with a +0 glaive!!
Your magical contamination has completely faded away.
You hit the skeletal warrior but do no damage.
You envenom the skeletal warrior.
You kick the skeletal warrior, but do no damage.
The skeletal warrior is almost destroyed.
The skeletal warrior hits you with a +0 halberd!
* * * LOW HITPOINT WARNING * * *
Unknown command.
Unknown command.
The skeletal warrior closely misses you.
The skeletal warrior hits you from afar with a +0 halberd!
* * * LOW HITPOINT WARNING * * *
You block the skeletal warrior's attack.
There is a stone staircase leading up, spattered with blood here.
You block the skeletal warrior's attack.
The skeletal warrior hits you from afar with a +0 glaive!
You die...

.........# ###'##### #######.
.........# #.......# #.......
.........#
#.......#######.#####.
.........# #.......#.......# #.
.........###.......'.####### #.
.........#.'.......### #.
...........#...zz..# #.
.........###...)...# #.
####.##### #....@..# #. #....#
#####'### #> ######'## #..#
#######' #.......# ###'####
#....... #.......# #......###
#.###### #.......# #......+.#
#.#..... #.......# #......#.#
#.'..... #.......####).....#.#
#.#.....
#.......#z.').....#.#####.#..>..


You could see 2 skeletal warriors.

Vanquished Creatures
  Harold (D:11)
  4 two-headed ogres
  2 skeletal warriors
  A wolf spider zombie (D:10)
  An ugly thing (D:11)
  A cyclops (D:12)
  A manticore (D:12)
  A salamander (shapeshifter) (D:9)
  A centaur skeleton (D:12)
  2 gargoyles
  3 kobold demonologists (D:11)
  3 hornets
  A troll (D:12)
  Prince Ribbit (D:9)
  A wyvern (D:8)
  3 yaks (D:12)
  2 wargs (D:8)
  4 soldier ants
  4 water moccasins (D:8)
  6 orc warriors
  3 ice beasts
  2 phantoms
  2 sky beasts
  A hornet zombie (D:10)
  6 ogres
  4 centaurs
  5 bullfrogs
  2 big kobolds
  A wyvern zombie (D:10)
  4 scorpions
  17 killer bees
  7 howler monkeys
  8 wights
  2 centaur zombies
  2 quasits
  2 jellies
  5 orc priests
  4 hounds
  2 bullfrog zombies
  3 iguanas
  11 orc wizards
  13 worker ants
  A howler monkey zombie (D:7)
  A howler monkey skeleton (D:9)
  10 gnolls
  17 adders
  A shadow imp (D:10)
  3 white imps (D:5)
  2 ufetubi
  An ooze (D:1)
  2 dart slugs
  5 leopard geckos
  76 orcs
  2 ball pythons
  10 bats
  6 giant cockroaches
  6 goblins
  10 hobgoblins
  5 jackals
  23 kobolds
  6 quokkas
  5 frilled lizards
  2 giant cockroach zombies
  2 jackal skeletons (D:4)
  2 leopard gecko skeletons
  A quokka skeleton (D:4)
  4 rats
352 creatures vanquished.

Vanquished Creatures (others)
  5 toadstools (D:1)
5 creatures vanquished.

Grand Total: 357 creatures vanquished

Notes
Turn   | Place    | Note
-------+----------+-------------------------------------------
     0 | D:1      | Morbidden the Demonspawn Conjurer began the quest for the
                  | Orb.
     0 | D:1      | Reached XP level 1. HP: 13/13 MP: 3/3
   317 | D:1      | Gained mutation: You are partially covered in molten
                  | scales. (AC +2) [demonic ancestry]
   317 | D:1      | Reached XP level 2. HP: 19/19 MP: 1/5
   434 | D:1      | Learned a level 2 spell: Searing Ray
   774 | D:1      | Gained mutation: When hurt, damage is shared between your
                  | health and your magic reserves. [demonic ancestry]
   774 | D:1      | Reached XP level 3. HP: 25/25 MP: 3/6
  1501 | D:2      | Found an opulent altar of Gozag.
  1669 | D:2      | Gained mutation: You regenerate magic rapidly. [demonic
                  | ancestry]
  1669 | D:2      | Reached XP level 4. HP: 31/31 MP: 2/8
  2051 | D:2      | Found an ancient bone altar of Kikubaaqudgha.
  2052 | D:2      | Found a blossoming altar of Fedhas.
  2087 | D:2      | Reached skill level 5 in Conjurations
  2272 | D:3      | Reached skill level 1 in Fighting
  2826 | D:3      | Gained mutation: You have large cloven feet. [demonic
                  | ancestry]
  2826 | D:3      | Reached XP level 5. HP: 34/37 MP: 5/9
  3598 | D:4      | Found a staircase to the Ecumenical Temple.
  3680 | Temple   | Entered the Ecumenical Temple
  3789 | Temple   | Became a worshipper of Cheibriados the Contemplative
  3962 | D:4      | Gained mutation: You have hoof-like feet. [demonic
                  | ancestry]
  3962 | D:4      | Reached XP level 6. HP: 46/46 MP: 7/11
  4615 | D:5      | Entered Level 5 of the Dungeon
  5213 | D:5      | Reached XP level 7. HP: 51/51 MP: 10/14
  5244 | D:5      | Reached skill level 5 in Spellcasting
  5244 | D:5      | Reached skill level 6 in Conjurations
  5368 | D:5      | Reached * piety under Cheibriados
  5503 | D:5      | Found a glowing silver altar of Zin.
  5703 | D:5      | Reached skill level 1 in Armour
  5955 | D:6      | Gained mutation: You are partially covered in sharp spines.
                  | [demonic ancestry]
  5955 | D:6      | Reached XP level 8. HP: 56/58 MP: 9/16
  6026 | D:6      | Reached skill level 1 in Invocations
  6769 | D:7      | Reached ** piety under Cheibriados
  6850 | D:7      | Reached skill level 7 in Conjurations
  7165 | D:7      | Found an opulent altar of Gozag.
  7335 | D:7      | Found Conink's Distillery.
  7344 | D:7      | Bought a potion of heal wounds for 75 gold pieces
  7344 | D:7      | Bought a potion of might for 60 gold pieces
  7344 | D:7      | Bought a potion of curing for 45 gold pieces
  7840 | D:7      | Reached XP level 9. HP: 65/65 MP: 13/19
  7910 | D:7      | Reached *** piety under Cheibriados
  8403 | D:7      | Learned a level 4 spell: Iskenderun's Mystic Blast
  8527 | D:8      | Found a transporter.
  8575 | D:8      | Noticed Gargoyl's ghost (novice GnAK)
  8614 | D:8      | Reached skill level 1 in Translocations
  8680 | D:8      | Reached skill level 8 in Conjurations
  8737 | D:8      | Reached **** piety under Cheibriados
  8787 | D:8      | Noticed a two-headed ogre
  8791 | D:8      | Killed a two-headed ogre
  8791 | D:8      | Reached skill level 5 in Fighting
  8794 | D:8      | Paralysed by a hornet for 1 turns
  8800 | D:8      | Paralysed by a hornet for 3 turns
  9088 | D:8      | Found a staircase to the Lair.
  9103 | D:8      | Found the +9 staff of Olgreb {rPois∞}
  9104 | D:8      | Found a runed translucent door.
  9109 | D:8      | Found a runed translucent gate.
  9109 | D:8      | Found a runed translucent gate.
  9135 | D:8      | Found a runed translucent door.
  9163 | D:8      | Gained mutation: You are mostly covered in sharp spines.
                  | [demonic ancestry]
  9163 | D:8      | Reached XP level 10. HP: 61/74 MP: 18/22
  9228 | D:8      | Found a runed translucent gate.
  9294 | D:8      | Found a transporter.
  9366 | D:8      | Found a shadowy altar of Dithmenos.
  9431 | D:8      | Reached ***** piety under Cheibriados
  9810 | D:8      | Reached skill level 9 in Conjurations
 10013 | D:9      | Noticed a two-headed ogre
 10024 | D:9      | Killed a two-headed ogre
 10024 | D:9      | Reached skill level 5 in Invocations
 10024 | D:9      | Reached skill level 1 in Evocations
 10168 | D:9      | Noticed a salamander
 10168 | D:9      | a queen bee changed into a salamander
 10173 | D:9      | Killed a salamander
 10330 | D:9      | Noticed Prince Ribbit
 10336 | D:9      | Killed Prince Ribbit
 10903 | D:10     | Entered Level 10 of the Dungeon
 10958 | D:10     | Reached ****** piety under Cheibriados
 11083 | D:10     | Noticed a gargoyle
 11098 | D:10     | Killed a gargoyle
 11098 | D:10     | Gained mutation: You have hooves in place of feet. [demonic
                  | ancestry]
 11098 | D:10     | Reached XP level 11. HP: 51/81 MP: 16/24
 11444 | D:10     | Reached skill level 1 in Staves
 11724 | D:10     | Found a burning altar of Makhleb.
 11906 | D:10     | Found a blossoming altar of Fedhas.
 11994 | D:10     | Found a roughly hewn altar of Beogh.
 12149 | D:10     | Found a staircase to the Orcish Mines.
 12182 | D:11     | Identified a scroll of acquirement
 12182 | D:11     | Acquired 988 gold pieces
 12239 | D:11     | Noticed a two-headed ogre
 12245 | D:11     | Killed a two-headed ogre
 12458 | D:11     | Noticed Harold
 12473 | D:11     | Killed Harold
 12476 | D:11     | Noticed a brown ugly thing
 12484 | D:11     | Killed a brown ugly thing
 12806 | D:11     | Reached skill level 5 in Armour
 13033 | D:11     | Got a transparent silver ring
 13245 | D:12     | Reached skill level 1 in Shields
 13245 | D:12     | Reached skill level 10 in Conjurations
 13432 | D:12     | Noticed a skeletal warrior
 13440 | D:12     | Identified the ring of Contentment {MP+9 Int+4} (You found
                  | it on level 11 of the Dungeon)
 13463 | D:12     | Noticed a skeletal warrior
 13463 | D:12     | Noticed a skeletal warrior
 13463 | D:12     | Noticed a skeletal warrior
 13960 | D:12     | Noticed a two-headed ogre
 13967 | D:12     | Killed a two-headed ogre
 13967 | D:12     | Gained mutation: You are mostly covered in molten scales.
                  | (AC +3) [demonic ancestry]
 13967 | D:12     | Reached XP level 12. HP: 89/91 MP: 25/25
 14306 | D:12     | Mangled by a skeletal warrior

Illustrated notes

Levels and vault maps discovered:
D:1:      ldierk_walled_garden, layout_basic
D:2:      layout_loops_ring, grunt_temple_overflow_growth_and_decay,
          old_standard_altar
D:3:      layout_loops_ring
D:4:      layout_basic, minmay_temple_entry_proselytizer, hangedman_decor_lopped
D:5:      layout_loops_corners, kennysheep_little_box, minmay_crystal_room
D:6:      layout_cave_pods, grunt_ministairs_3
D:7:      layout_layer_cave, serial_shops, shop, minmay_misc_feat_five,
          grunt_gozag_breadcrumbs
D:8:      layout_rooms, erik_lair_orcish_takeover, basic_altar,
          gammafunk_ghost_mausoleum, minmay_guarded_unrand_staff_of_olgreb
D:9:      layout_basic, uniq_prince_ribbit1
D:10:     layout_rooms, hiddenorc1_lemuel, special_room [special_room_orc],
          basic_altar, fedhas_altar_1
D:11:     layout_roguey, minivault_5, uniq_harold
D:12:     layout_roguey
Temple:   dpeg_five_rooms_temple

Skill      XL: |  1  2  3  4  5  6  7  8  9 10 11 |
---------------+----------------------------------+-----
Conjurations   | 5 6 7 8 9 10 | 10.1
Stealth        | 2 3 |  3.2
Spellcasting   | 3 4 5 7 8 9 |  9.5
Fighting       | 1 2 3 4 5 6 7 |  7.4
Dodging        | 2 3 |  3.3
Armour         | 1 2 3 4 5 |  5.4
Invocations    | 2 4 6 7 |  7.8
Translocations | 2 3 |  3.5
Evocations     | 2 4 |  4.3
Staves         | 3 |  3.6
Shields        | 2 |  2.9
Short Blades   | |  0.1

Action                   |  1- 3 |  4- 6 |  7- 9 | 10-12 || total
-------------------------+-------+-------+-------+-------++-------
Melee: Unarmed           |    12 |     1 |     8 |       ||    21
       Dagger            |       |       |    21 |    14 ||    35
       Kick              |       |       |    13 |   155 ||   168
       Staff             |       |       |       |   255 ||   255
 Cast: Magic Dart        |    65 |    80 |   111 |     5 ||   261
       Searing Ray       |       |    24 |    55 |    24 ||   103
       Iskenderun's Myst |       |       |       |    22 ||    22
 Abil: Evoke Flight      |       |       |     1 |       ||     1
Evoke: Wand              |       |       |     2 |       ||     2
       Staff of Olgreb   |       |       |       |    36 ||    36
  Use: Scroll            |       |     4 |     3 |     6 ||    13
       Potion            |       |       |     5 |       ||     5
 Stab: Distracted        |       |       |     1 |       ||     1
Armor: Robe              |    11 |     9 |       |       ||    20
       Ring mail         |       |     5 |    30 |       ||    35
       Storm dragon scal |       |       |    30 |   156 ||   186
Dodge: Dodged            |    20 |    26 |    66 |   157 ||   269
Block: Kite shield       |       |       |       |   136 ||   136
       Reflection        |       |       |       |     7 ||     7
       Other             |       |       |       |     3 ||     3

Table legend: (Time is in decaauts)
 A = Elapsed time spent in this place.
 B = Non-inter-level travel time spent in this place.
 C = Inter-level travel time spent in this place.
 D = Time resting spent in this place.
 E = Time spent auto-exploring this place.
 F = Levels seen in this place.
 G = Mean time per level.
                   A        B        C        D        E       F      G
               +--------+--------+--------+--------+--------+-----+--------+
         Total |  17608 |  16773 |    835 |   1361 |  13249 |  13 | 1354.5 |
       Dungeon |  17402 |  16663 |    739 |   1361 |  13146 |  12 | 1450.2 |
        Temple |    206 |    111 |     95 |      0 |    103 |   1 |  206.0 |
               +--------+--------+--------+--------+--------+-----+--------+

Top non-repeatable levels by time:
     D:7: 2361 daAuts
     D:8: 1850 daAuts
     D:9: 1749 daAuts
    D:11: 1639 daAuts
     D:5: 1513 daAuts
     D:1: 1454 daAuts
     D:4: 1417 daAuts
    D:10: 1309 daAuts
    D:12: 1266 daAuts
     D:6: 1095 daAuts
     D:2: 895 daAuts
     D:3: 848 daAuts
  Temple: 206 daAuts
